 Dungeon Crawl Stone Soup version 0.27-a0-1525-g1038ab4fd7 (webtiles) character file.

Game seed: 1946870164333838222

54 Sin92 the Skirmisher (level 3, -1/26 HPs)
             Began as a Demonspawn Fighter on July 10, 2021.
             Succumbed to a water moccasin's poison
             ... on level 3 of the Dungeon.
             The game lasted 00:02:49 (1642 turns).

Sin92 the Skirmisher (Demonspawn Fighter)           Turns: 1642, Time: 00:02:50

Health: -1/26      AC: 14    Str: 16    XL:     3   Next: 66%
Magic:  3/3        EV:  7    Int:  9    God:
Gold:   43         SH:  9    Dex: 15    Spells: 2/2 levels left

rFire    + . .     SeeInvis .   a - +0 long sword
rCold    . . .     Faith    .   c - +0 kite shield
rNeg     . . .     Spirit   .   o - +2 scale mail {rF+}
rPois    .         Reflect  .   (no helmet)
rElec    .         Harm     .   (no cloak)
rCorr    .         Rampage  .   (no gloves)
Will     +....     Rnd*Tele +   (no boots)
Stlth    ..........             (no amulet)
HPRegen  0.08/turn              (no ring)
MPRegen  0.08/turn              (no ring)

@: mighty, brilliant, lethally poisoned (-1 -> -7), sanguine armoured
A: spiny 1, sanguine armour 1, agile 1, frail 1, strong-willed 1, teleportitis 1
a: no special abilities


You were on level 3 of the Dungeon.
You visited 1 branch of the dungeon, and saw 3 of its levels.

You collected 43 gold pieces.

Inventory:

Hand Weapons
 a - a +0 long sword (weapon)
Missiles
 i - 6 curare-tipped darts (quivered)
Armour
 b - a +0 scale mail
 c - a +0 kite shield (worn)
 o - a +2 scale mail of fire resistance (worn)
Jewellery
 f - a +4 ring of slaying
Potions
 g - a potion of resistance
 m - a potion of brilliance


   Skills:
 + Level 3.3 Fighting
 + Level 2.2 Long Blades
 + Level 3.1 Armour
 + Level 1.1 Dodging
 + Level 3.0 Shields


You had 2 spell levels left.
You didn't know any spells.
Your spell library contained the following spells:

 Spells                   Type           Power      Damage    Failure   Level
 Call Canine Familiar     Summ           0%         N/A       100%        3
 Portal Projectile        Hex/Tloc       0%         N/A       100%        3
 Leda's Liquefaction      Hex/Erth       0%         N/A       100%        4


Dungeon Overview and Level Annotations

Branches:
Dungeon (3/15)

Altars:


Innate Abilities, Weirdness & Mutations

You are partially covered in sharp spines.
When seriously injured, your bleeding wounds create armour. (AC +6)
You are agile. (Dex +2)
You are frail. (-10% HP)
You are strong-willed. (Will+)
You are occasionally teleported next to monsters.


Message History

You miss the water moccasin.
The water moccasin is struck by your spines.
The water moccasin barely misses you. The water moccasin bites you.
You closely miss the water moccasin.
The water moccasin is lightly wounded.
The water moccasin bites you but does no damage.
The water moccasin bites you.
The water moccasin bites you but does no damage.
You slash the water moccasin!
The water moccasin is heavily wounded.
You block the water moccasin's attack.
The water moccasin is struck by your spines.
The water moccasin closely misses you.
You hit the water moccasin.
The water moccasin is severely wounded.
The water moccasin bites you.
Your blood congeals into armour.
You are lethally poisoned!
The water moccasin poisons you!
The water moccasin bites you but does no damage.
You closely miss the water moccasin.
The water moccasin is severely wounded.
You feel very sick.
The water moccasin is struck by your spines.
The water moccasin bites you but does no damage. x2
You miss the water moccasin.
The water moccasin is severely wounded.
* * * LOW HITPOINT WARNING * * *
You feel very sick.
The water moccasin is struck by your spines.
The water moccasin barely misses you. You block the water moccasin's attack.
Unknown command.
You closely miss the water moccasin.
The water moccasin is severely wounded.
* * * LOW HITPOINT WARNING * * *
You feel very sick.
The water moccasin bites you but does no damage.
You block the water moccasin's attack.
It was a potion of brilliance.
You feel clever all of a sudden.
You die...

#.<..# #....#
#....#
###....#
###......#
##...#....#
###..###.>..#
##...## #....#
#.@#### #.####
#.#S..# #.#
...#....$..#
.<.#####......
#.##. ...... #
# ..... .....
##.. ..


You could see a water moccasin.

Vanquished Creatures
  An adder (D:2)
  A dart slug (D:2)
  4 ball pythons
  5 bats
  4 endoplasms
  3 giant cockroaches (D:2)
  5 goblins
  5 hobgoblins
  A kobold (D:2)
  2 quokkas (D:1)
  3 frilled lizards (D:1)
  4 rats
38 creatures vanquished.

Notes
Turn   | Place    | Note
-------+----------+-------------------------------------------
     0 | D:1      | Sin92 the Demonspawn Fighter began the quest for the Orb.
     0 | D:1      | Reached XP level 1. HP: 18/18 MP: 1/1
   365 | D:1      | Gained mutation: You are partially covered in sharp spines.
                  | [demonic ancestry]
   365 | D:1      | Reached XP level 2. HP: 19/24 MP: 2/2
   962 | D:2      | Gained mutation: When seriously injured, your bleeding
                  | wounds create armour. (AC +6) [demonic ancestry]
   962 | D:2      | Reached XP level 3. HP: 26/29 MP: 3/3
  1060 | D:2      | Reached skill level 1 in Dodging
  1596 | D:2      | Identified a scroll of acquirement
  1596 | D:2      | Acquired a +0 demon blade of freezing
  1630 | D:3      | Noticed a water moccasin
  1632 | D:3      | Gained mutation: You are strong-willed. (Will+) [potion of
                  | mutation]
  1632 | D:3      | Gained mutation: You are occasionally teleported next to
                  | monsters. [potion of mutation]
  1632 | D:3      | Gained mutation: You are frail. (-10% HP) [potion of
                  | mutation]
  1632 | D:3      | Gained mutation: You are agile. (Dex +2) [potion of
                  | mutation]
  1641 | D:3      | HP: 1/26 [poisoned by a water moccasin]
  1642 | D:3      | Succumbed to a water moccasin's poison

Illustrated notes

Levels and vault maps discovered:
D:1:      scummos_arrival_forest, layout_loops_cross
D:2:      layout_rooms, minmay_misc_feat_rugged
D:3:      layout_rooms, chequers_hall_statues_y

Skill      XL: |  1  2  3 |
---------------+----------+-----
Long Blades    | 2 |  2.2
Armour         | 3 |  3.1
Dodging        | 1 |  1.1
Shields        | 3 |  3.0
Fighting       | |  3.3

Action                   || total
-------------------------++-------
Melee: Long sword        ||    85
  Use: Scroll            ||     5
       Potion            ||     4
Armor: Scale mail        ||    45
Dodge: Dodged            ||    36
Block: Kite shield       ||    53
       Rpst.: Long sword ||     9

Table legend: (Time is in decaauts)
 A = Elapsed time spent in this place.
 B = Non-inter-level travel time spent in this place.
 C = Inter-level travel time spent in this place.
 D = Time resting spent in this place.
 E = Time spent auto-exploring this place.
 F = Levels seen in this place.
 G = Mean time per level.
                   A        B        C        D        E       F      G
               +--------+--------+--------+--------+--------+-----+--------+
         Total |   1688 |   1642 |     46 |    241 |   1151 |   3 |  562.7 |
       Dungeon |   1688 |   1642 |     46 |    241 |   1151 |   3 |  562.7 |
               +--------+--------+--------+--------+--------+-----+--------+

Top non-repeatable levels by time:
     D:1: 938 daAuts
     D:2: 719 daAuts
     D:3: 30 daAuts
